 Dungeon Crawl Stone Soup version 0.13.1-19-g4b9377e (webtiles) character file.

3305 Kae the Covert (level 9, -1/39 HPs)
             Began as a Spriggan Enchanter on Dec 19, 2013.
             Was an Elder of Okawaru.
             Slain by a door mimic (9 damage)
             ... on Level 7 of the Dungeon.
             The game lasted 00:13:34 (6344 turns).

Kae the Covert (Spriggan Enchanter)                 Turns: 6344, Time: 00:13:35

HP  -1/39        AC  4     Str  7      XL: 9   Next: 43%
MP  32/35        EV 18     Int 17      God: Okawaru [****..]
Gold 518         SH  0     Dex 16      Spells:  3 memorised, 14 levels left

Res.Fire  : . . .   See Invis. : +   b - +2,+3 orc dagger
Res.Cold  : . . .   Warding    : .   r - +1 robe
Life Prot.: . . .   Conserve   : .   (shield restricted)
Res.Poison: .       Res.Corr.  : .   (helmet restricted)
Res.Elec. : .       Clarity    : .   m - +0 cloak
Sust.Abil.: . .     Spirit.Shd : .   (gloves unavailable)
Res.Mut.  : .       Stasis     : .   (boots unavailable)
Res.Rott. : .       Flight     : .   e - amulet of faith
Saprovore : . . .                    (no ring)
                                     g - ring of magical power

@: mildly poisoned, held, very quick, quite resistant to hostile enchantments,
extremely stealthy
A: unfitting armour, see invisible, herbivore 3, speed 3, slow metabolism 2
a: Heroism, Renounce Religion


You were on level 7 of the Dungeon.
You worshipped Okawaru.
Okawaru was greatly pleased with you.
You were very hungry.

You visited 1 branch of the dungeon, and saw 7 of its levels.

You collected 498 gold pieces.

Inventory:

Hand weapons
 a - a +1,+1 dagger {=f}
 b - a +2,+3 orcish dagger (weapon)
Missiles
 d - 91 darts (quivered)
 v - 18 darts of dispersal
Armour
 m - a +0 cloak (worn)
 r - a +1 robe (worn)
Magical devices
 F - a wand of frost (10) {unknown}
Comestibles
 o - 3 bread rations
 B - an apple
Scrolls
 f - 6 scrolls of identify {unknown}
 h - 3 scrolls of enchant weapon II {unknown}
 k - a scroll of recharging {unknown}
 l - a scroll of curse jewellery {unknown}
 n - 4 scrolls of teleportation {unknown}
 s - 4 scrolls of enchant armour {unknown}
 u - 2 scrolls of magic mapping {unknown}
 x - 3 scrolls of remove curse {unknown}
 y - a scroll of blinking {unknown}
 C - a scroll of curse armour {unknown}
 E - a scroll of random uselessness {unknown}
 I - a scroll of vulnerability {unknown}
Jewellery
 e - an amulet of faith (around neck)
 g - a ring of magical power (left hand)
 A - an uncursed ring of protection from magic {unknown}
 G - an uncursed ring of protection from magic {unknown}
Potions
 i - a potion of paralysis {unknown}
 j - a potion of might {unknown}
 p - a potion of degeneration {unknown}
 q - a potion of resistance {unknown}
 t - a potion of berserk rage {unknown}
 w - 3 potions of brilliance {unknown}
 z - 2 potions of curing {unknown}
 D - a potion of heal wounds {unknown}
 H - a potion of flight {unknown}
Books
 c - a book of Maledictions

   Spells                             Type                      Level
   *Corona                            Hexes                        1
   Sure Blade                         Hexes/Charms                 2
   *Ensorcelled Hibernation           Hexes/Ice                    2
   *Confuse                           Hexes                        3
   Enslavement                        Hexes                        4
   Invisibility                       Hexes                        6


   Skills:
 * Level 8.3 Short Blades
 - Level 1.1 Throwing
 - Level 3.0 Dodging
 * Level 11.9 Stealth
 + Level 6.2 Spellcasting
 + Level 7.2 Hexes


You had 14 spell levels left.
You knew the following spells:

 Your Spells              Type           Power        Failure   Level  Hunger
a - Corona                Hex            ####...      1%          1    None
b - Ensorcelled Hibernat  Hex/Ice        ###...       4%          2    None
c - Confuse               Hex            ####....     1%          3    ##.....


Dungeon Overview and Level Annotations

Branches:
Dungeon (7/27)             Temple (0/1) D:4             Orc (0/4) D:6

Altars:
Makhleb
Nemelex Xobeh
Okawaru
Trog
the Shining One

Annotations:
D:5 Zapata's ghost, experienced KoBe


Innate Abilities, Weirdness & Mutations

You are tiny and cannot use many weapons and most armour.
You have supernaturally acute eyesight.
You are a herbivore.
You cover ground extremely quickly.
You need consume almost no food.


Message History

You are too injured to fight recklessly!
You are too injured to fight recklessly!
You are too injured to fight recklessly!
Casting: Ensorcelled Hibernation
Confirm with . or Enter, or press ? or * to list all spells.
You can't see any susceptible monsters within range! (Use Z to cast anyway.)
Casting: Ensorcelled Hibernation
Confirm with . or Enter, or press ? or * to list all spells.
Aiming: Confuse
Press: ? - help, Shift-Dir - straight line, f - door mimic
Aim: a door mimic (lightly damaged, holding you)
The door mimic struggles to resist.
The door mimic snaps closed at you!
* * * LOW HITPOINT WARNING * * *
The door mimic barely misses you.
Your attempt to break free from the door mimic fails, but you feel that another attempt might succeed.
* * * LOW HITPOINT WARNING * * *
You feel sick.
You feel a little better. The door mimic barely misses you.
The door mimic snaps closed at you!
You die...

#.####..........(................
#....'...............##..........
⌠.⌠..#...............###)#..#..##
._.#.#...................#.....#
⌠.⌠#.#######.....#########..#.###
#.##.# #....# #....#.... #.##.#
#....########.#.[####. #.##.#
#.............#..####. #.##.#
#....@#########....... #.##.#
#.....+..........##### #.##.###
#.....# ########## #. #.##.#..
#.....# #. #.##.#.# ##+####
######. #.##.#.# #....#. #.##.#.#
##########.)).#.
#.##.<.###########..........)..#.
#................+...........(...


You could see a door mimic.

Vanquished Creatures
  Pikel (D:5)
  2 hungry ghosts (D:6)
  The ghost of Zapata the Cutter, an average KoBe of Trog (D:4)
  An orc warrior (D:4)
  A phantom (D:6)
  3 ogres
  4 centaurs
  4 slaves
  The ghost of Kae the Sneak, an average SpEn (D:3)
  A giant frog (D:7)
  A jelly (D:5)
  4 troll zombies (D:6)
  2 crimson imps (D:7)
  2 hounds
  3 orc wizards (D:5)
  4 orc priests
  An iron imp (D:4)
  3 scorpions
  A black bear skeleton (D:7)
  3 worker ants
  2 ogre zombies (D:6)
  10 adders
  2 gnolls (D:4)
  2 worms
  A scorpion zombie (D:7)
  5 giant geckos
  2 oozes (D:3)
  21 orcs
  6 giant cockroaches
  8 goblins
  5 hobgoblins
  8 jackals
  11 kobolds
  4 quokkas
  8 bats
  5 giant newts
  A goblin zombie (D:6)
  2 hobgoblin skeletons
  2 hobgoblin zombies (D:6)
  A kobold skeleton (D:5)
  4 orc skeletons (D:6)
  12 orc zombies (D:6)
  9 rats
  2 rat skeletons
176 creatures vanquished.

Notes
Turn   | Place    | Note
--------------------------------------------------------------
     0 | D:1      | Kae, the Spriggan Enchanter, began the quest for the Orb.
     0 | D:1      | Reached XP level 1. HP: 9/9 MP: 4/4
     3 | D:1      | Noticed a shark
     3 | D:1      | Noticed a giant goldfish
   428 | D:1      | Reached XP level 2. HP: 5/13 MP: 6/6
   448 | D:1      | Learned a level 2 spell: Ensorcelled Hibernation
   901 | D:2      | Reached skill level 4 in Hexes
  1038 | D:2      | Reached XP level 3. HP: 11/16 MP: 9/9
  1360 | D:3      | Noticed Kae's ghost (average SpEn)
  1508 | D:3      | Reached XP level 4. HP: 17/21 MP: 11/11
  1796 | D:3      | Learned a level 3 spell: Confuse
  2217 | D:3      | Killed Kae's ghost
  2217 | D:3      | Reached skill level 5 in Stealth
  2217 | D:3      | Reached XP level 5. HP: 22/24 MP: 14/15
  2415 | D:4      | Reached skill level 6 in Stealth
  2478 | D:4      | Noticed Zapata's ghost (average KoBe)
  2488 | D:4      | Killed Zapata's ghost
  2488 | D:4      | Reached XP level 6. HP: 28/28 MP: 14/18
  2491 | D:4      | Noticed an orc warrior
  2504 | D:4      | Killed an orc warrior
  2504 | D:4      | Reached skill level 5 in Hexes
  2751 | D:4      | Found an iron altar of Okawaru.
  2780 | D:4      | Reached skill level 7 in Stealth
  2863 | D:4      | Became a worshipper of Warmaster Okawaru
  2889 | D:4      | Found a burning altar of Makhleb.
  3046 | D:4      | Found a staircase to the Ecumenical Temple.
  3191 | D:4      | Reached XP level 7. HP: 28/32 MP: 20/20
  3260 | D:5      | Entered Level 5 of the Dungeon
  3415 | D:5      | Reached skill level 5 in Short Blades
  3524 | D:5      | Acquired Okawaru's first power
  3573 | D:5      | Reached skill level 8 in Stealth
  3764 | D:5      | Noticed Pikel
  3765 | D:5      | Noticed Zapata's ghost (experienced KoBe)
  4065 | D:5      | Killed Pikel
  4065 | D:5      | Reached skill level 9 in Stealth
  4065 | D:5      | Reached XP level 8. HP: 36/36 MP: 23/23
  4155 | D:5      | Reached skill level 5 in Spellcasting
  4325 | D:6      | Reached skill level 10 in Stealth
  4674 | D:6      | Found a staircase to the Orcish Mines.
  4765 | D:6      | Reached XP level 9. HP: 29/39 MP: 25/25
  4927 | D:6      | Reached skill level 11 in Stealth
  5075 | D:6      | Found a glowing golden altar of the Shining One.
  5680 | D:7      | Found a sparkling altar of Nemelex Xobeh.
  6203 | D:7      | Found a bloodstained altar of Trog.
  6344 | D:7      | Slain by a door mimic

Action                   |  1- 3 |  4- 6 |  7- 9 || total
-------------------------+-------+-------+-------++-------
Melee: Dagger            |   134 |    64 |   290 ||   488
 Cast: Corona            |     6 |       |       ||     6
       Ensorcelled Hiber |     6 |    24 |    77 ||   107
       Confuse           |       |    17 |    14 ||    31
  Use: Potion            |       |     1 |       ||     1
 Stab: Sleeping          |    14 |    24 |    63 ||   101
       Confused          |       |     5 |    15 ||    20
       Distracted        |       |       |     1 ||     1
